 Dungeon Crawl Stone Soup version 0.30-a0-859-gf88a04b62d (webtiles) character file.

Game seed: 4389152833404047332

21 cheesebisquit the Insei (level 2, 0/31 HPs)
             Began as a Merfolk Transmuter on Mar 7, 2023.
             Succumbed to an adder's poison
             ... on level 2 of the Dungeon.
             The game lasted 00:03:08 (741 turns).

cheesebisquit the Insei (Merfolk Transmuter)         Turns: 741, Time: 00:03:08

Health: 0/31       AC: 21    Str: 10    XL:     2   Next: 87%
Magic:  5/5        EV:  2    Int: 12    God:
Gold:   76         SH:  0    Dex: 14    Spells: 4/5 levels left

rFire   . . .      SeeInvis .      - Unarmed
rCold   . . .      Faith    .    (no shield)
rNeg    . . .      Spirit   .    a - melded +0 robe
rPois   +          Reflect  .    (helmet currently unavailable)
rElec   .          Rampage  .    (cloak currently unavailable)
rCorr   .          NoTele   +    (gloves currently unavailable)
Will    .....                    (boots currently unavailable)
Stlth   +                        (no amulet)
HPRegen 0.25/turn                (no ring)
MPRegen 0.09/turn                (no ring)

@: lethally poisoned (0 -> -1), tree-form
A: stationary, stasis, torment immunity, boosted hp, (nimble swimmer 2),
(mertail)
a: no special abilities


You were on level 2 of the Dungeon.
You were a tree.
You visited 1 branch of the dungeon, and saw 2 of its levels.

You collected 76 gold pieces.

Inventory:

Missiles
 c - 6 poisoned darts
 i - 3 javelins
Armour
 a - a +0 robe (melded)
Scrolls
 d - a scroll of fog
 e - a scroll of teleportation {unknown}
 f - a scroll of noise {unknown}
 g - a scroll of summoning {unknown}
 h - a scroll of identify {unknown}


   Skills:
 + Level 1.5 Fighting
 + Level 3.0 Dodging
 + Level 3.4 Unarmed Combat
 + Level 2.2 Spellcasting
 * Level 3.3 Transmutations


You had 4 spell levels left.
You knew the following spells:

 Your Spells              Type           Power      Damage    Failure   Level
a - Beastly Appendage     Tmut           18%        N/A       7%          1

Your spell library contained the following spells:

 Spells                   Type           Power      Damage    Failure   Level
 Wereblood                Tmut           9%         N/A       10%         2
 Spider Form              Tmut/Pois      5%         N/A       38%         3
 Ice Form                 Ice/Tmut       5%         N/A       80%         4


Dungeon Overview and Level Annotations

Branches:
Dungeon (2/15)

Altars:


Innate Abilities, Weirdness & Mutations

You are a tree.
Your roots penetrate the ground, keeping you stationary.
You cannot be teleported.
You are immune to unholy pain and torment.
Your maximum health is greatly increased.
Your equipment is partially melded.
((You are very nimble when in or above water. (Stealth+, EV+, Speed+++)))
((Your lower body shifts to a powerful aquatic tail in water.))


Message History

The adder is heavily wounded.
You feel sick. The adder barely misses you.
You hit the adder but do no damage.
The adder is heavily wounded.
You feel sick. The adder bites you.
* * * LOW HITPOINT WARNING * * *
You are lethally poisoned!
The adder poisons you! The adder barely misses you.
Really quaff the potion of lignification?
Your horns disappear.
You turn into a tree.
Your +0 robe melds into your body.
Your roots penetrate the ground.
* * * LOW HITPOINT WARNING * * *
You feel sick. The adder bites you but does no damage.
You hit the adder.
The adder is heavily wounded.
* * * LOW HITPOINT WARNING * * *
You feel sick. The adder bites you but does no damage.
You hit the adder but do no damage.
The adder is heavily wounded.
* * * LOW HITPOINT WARNING * * *
You feel sick. The adder bites you but does no damage.
You smack the adder!
You kill the adder!
* * * LOW HITPOINT WARNING * * *
You feel sick.
Your Dodging skill increases to level 3!
* * * LOW HITPOINT WARNING * * *
You feel sick.
You smack the goblin!
You kill the goblin!
* * * LOW HITPOINT WARNING * * *
You feel sick.
* * * LOW HITPOINT WARNING * * *
You feel sick.
There is a lethal amount of poison in your body!
You aren't carrying any potions.
As you read the scroll labelled PYILIU FICS, it crumbles to dust.
The scroll dissolves into smoke.
It was a scroll of fog.
You die...

################
#..............# #
#.##....#####.## .#
#.##....# #.# ..#
#.##....#####.# ...#
#.#<....'.....# ....#
#.##....##########§.....
#.########....§§♣§§# #.#
#.######### #.# #.#
#.###### #.# #......#
#.# #......# #.#
#......###.#
#..........#
############


There were no monsters in sight!

Vanquished Creatures
  An adder (D:2)
  2 bats (D:1)
  2 goblins
  A hobgoblin (D:1)
  2 ball pythons
  2 frilled lizards (D:1)
  2 kobolds (D:1)
  3 rats (D:1)
15 creatures vanquished.

Notes
Turn   | Place    | Note
-------+----------+-------------------------------------------
     0 | D:1      | cheesebisquit the Merfolk Transmuter began the quest for
                  | the Orb.
     0 | D:1      | Reached XP level 1. HP: 15/15 MP: 3/3
   304 | D:1      | Reached XP level 2. HP: 21/21 MP: 3/5
   739 | D:2      | HP: 1/31 [poisoned by an adder]
   741 | D:2      | Succumbed to an adder's poison

Illustrated notes

Levels and vault maps discovered:
D:1:      amcnicky_arrival_single_pillar, layout_rooms
D:2:      layout_basic, serial_shops, shop, nicolae_ecumenical_oubliette,
          kennysheep_donut

Skill      XL: |  1  2 |
---------------+-------+-----
Transmutations | 3 |  3.3
Dodging        | 3 |  3.0
Fighting       | |  1.5
Unarmed Combat | |  3.4
Spellcasting   | |  2.2

Action                     || total
---------------------------++-------
  Melee: Unarmed           ||    45
         Headbutt          ||     8
         Punch             ||     2
   Cast: Beastly Appendage ||    12
    Use: Scroll            ||     1
         Potion            ||     1
 Armour: Robe              ||    14
         Skin              ||     3
  Dodge: Dodged            ||    28

Table legend: (Time is in decaauts)
 A = Elapsed time spent in this place.
 B = Non-inter-level travel time spent in this place.
 C = Inter-level travel time spent in this place.
 D = Time resting spent in this place.
 E = Time spent auto-exploring this place.
 F = Levels seen in this place.
 G = Mean time per level.
                   A        B        C        D        E       F      G
               +--------+--------+--------+--------+--------+-----+--------+
         Total |    736 |    707 |     29 |      0 |    553 |   2 |  368.0 |
       Dungeon |    736 |    707 |     29 |      0 |    553 |   2 |  368.0 |
               +--------+--------+--------+--------+--------+-----+--------+

Top non-repeatable levels by time:
     D:1: 636 daAuts
     D:2: 99 daAuts
